AoeStats
← plwhaley

Arena

507123920Analyzed
3v3 RM · 17d ago on Sep 16, 2026· 45m 34s· 6 players
Game mode
Random Map
Map size
Normal (6 player)
Population
200
Speed
Normal
Resources
Standard
Victory
Conquest
Starting age
Dark Age
Ending age
Imperial Age
RankedLock teamsTeams togetherTeam positionsShared explorationLock speedFull tech treeHidden civsTurbo modeCheats
Victory
Defeat
🇮🇪 Aztecs · Ireland
885
+12
🇬🇧 Shu · United Kingdom
885
+13
🇬🇧 Magyars · United Kingdom
885
+13
🇺🇸 Spanish · United States
830
-13
🇭🇺 Mongols · Hungary
829
-13
🇬🇧 Japanese · United Kingdom
798
-12
YasD_001
0:30 Loom
11:29 Feudal Age
12:11 Double-Bit Axe
12:09 Horse Collar
13:10 Wheelbarrow
12:54 Gold Mining
14:01 Man-at-Arms
17:55 Arson
20:34 Scale Mail Armor
20:44 Forging
20:36 Padded Archer Armor
20:27 Fletching
23:29 Castle Age
24:04 Padded Archer Armor
24:29 Heavy Plow
24:19 Long Swordsman
24:34 Elite Skirmisher
25:15 Fletching
25:35 Pikeman
26:11 Gambesons
26:25 Town Watch
27:14 Bodkin Arrow
27:45 Squires
28:13 Stone Mining
31:02 Hand Cart
31:06 Chain Mail Armor
32:22 Bow Saw
33:20 Ballistics
32:41 Treadmill Crane
35:04 Masonry
37:23 Leather Archer Armor
37:43 Iron Casting
38:23 Gold Shaft Mining
41:52 Imperial Age
41:36 Murder Holes
41:52 Fortified Wall
42:00 Halberdier
plwhaley
10:40 Feudal Age
15:22 Castle Age
14:50 Double-Bit Axe
14:47 Horse Collar
25:30 Gold Mining
28:26 Bloodlines
28:22 Padded Archer Armor
28:17 Loom
29:11 Husbandry
30:12 Wheelbarrow
37:01 Imperial Age
35:42 Hand Cart
36:26 Forging
36:32 Scale Barding Armor
37:15 Heavy Plow
37:14 Fletching
38:05 Iron Casting
38:13 Conscription
37:29 Cavalier
41:54 Caravan
_bonobo_9
2:46 Loom
10:03 Feudal Age
10:39 Double-Bit Axe
10:35 Horse Collar
17:56 Castle Age
26:49 Pikeman
28:43 Wheelbarrow
27:53 Town Watch
28:48 Fletching
29:01 Padded Archer Armor
35:13 Imperial Age
33:38 Hand Cart
35:41 Heavy Plow
35:54 Masonry
35:55 Fortified Wall
36:07 Ballistics
36:42 Bow Saw
38:21 Drill
37:24 Elite Mangudai
38:26 Conscription
38:53 Parthian Tactics
38:36 Thumb Ring
38:01 Heavy Cavalry Archer
Kissing Stone
3:38 Loom
11:25 Feudal Age
17:43 Castle Age
15:49 Town Watch
16:40 Stone Mining
17:04 Double-Bit Axe
17:41 Fletching
18:31 Wheelbarrow
20:26 Bodkin Arrow
20:32 Padded Archer Armor
21:47 Bow Saw
23:04 Leather Archer Armor
22:49 Elite Skirmisher
23:52 Horse Collar
26:41 Heavy Plow
30:05 Ballistics
29:56 Fortified Wall
29:57 Masonry
31:19 Murder Holes
30:49 Crossbowman
32:27 Pikeman
33:10 Squires
32:56 Arson
33:53 Gambesons
34:10 Scale Mail Armor
34:20 Forging
35:28 Thumb Ring
36:08 Gold Mining
45:32 Imperial Age
43:19 Hand Cart
Maigh Nuad Warrior
4:41 Loom
11:39 Feudal Age
12:49 Double-Bit Axe
12:46 Horse Collar
16:35 Scale Mail Armor
16:46 Forging
21:26 Castle Age
21:14 Padded Archer Armor
21:05 Fletching
24:16 Arson
24:32 Squires
24:18 Gambesons
25:20 Chain Mail Armor
25:41 Iron Casting
25:02 Bodkin Arrow
25:29 Leather Archer Armor
25:07 Gold Mining
25:54 Treadmill Crane
26:26 Fortified Wall
27:51 Bow Saw
29:21 Elite Skirmisher
32:40 Atlatl
32:43 Heavy Plow
33:20 Gold Shaft Mining
32:36 Stone Mining
36:50 Imperial Age
34:57 Wheelbarrow
34:08 Town Watch
35:02 Stone Shaft Mining
34:50 Man-at-Arms
37:21 Hand Cart
37:07 Town Patrol
36:48 Long Swordsman
36:48 Pikeman
38:30 Crop Rotation
39:03 Blast Furnace
38:19 Two-Handed Swordsman
39:25 Garland Wars
39:26 Conscription
39:41 Plate Mail Armor
40:19 Champion
41:04 Bracer
43:45 Siege Engineers
Armistice
3:37 Loom
12:06 Feudal Age
18:06 Castle Age
16:03 Double-Bit Axe
16:25 Horse Collar
20:45 Scale Barding Armor
21:02 Murder Holes
21:18 Corvinian Army
21:32 Heavy Plow
21:57 Town Watch
28:53 Bloodlines
28:53 Husbandry
29:15 Chain Barding Armor
34:29 Wheelbarrow
37:03 Imperial Age
35:13 Wheelbarrow
37:06 Light Cavalry
38:26 Conscription
39:08 Hoardings
41:48 Plate Barding Armor
41:03 Elite Magyar Huszar
44:16 Bow Saw
Connection lost

Rejoining the realm…

Still unreachable

The connection could not be restored.

Session expired

The server has moved on; the page needs a fresh start.